 Dungeon Crawl Stone Soup version 0.24-a0-278-gefa197325e (webtiles) character file.

Game seed: 10843234391523264007

21660 Esekla the Slicer (level 12, -13/60 HPs)
             Began as a Vine Stalker Wizard on Apr 29, 2019.
             Was a High Priest of Vehumet.
             Mangled by a reaper
             ... wielding a +2 scythe of freezing
              (23 damage)
             ... in an ice cave on Apr 30, 2019.
             The game lasted 05:02:28 (16418 turns).

Esekla the Slicer (Vine Stalker Wizard)            Turns: 16418, Time: 05:02:29

Health: -13/60     AC: 13    Str:  9    XL:     12   Next: 92%
Magic:  0/21       EV: 13    Int: 16    God:    Vehumet [*****.]
Gold:   269        SH: 12    Dex: 18    Spells: 4/22 levels left

rFire    x . .     SeeInvis .   u - +4 quick blade (protect)
rCold    + + .     Gourm    .   j - +3 buckler
rNeg     . . .     Faith    .   S - +2 ring mail {rC+}
rPois    .         Spirit   +   p - +0 helmet
rElec    .         Reflect  +   z - scarf {repulsion}
rCorr    .         Harm     .   r - +0 pair of gloves
MR       +++..                  Z - +2 pair of boots "Wuite" {+Inv MR++ Int-5 Dex+2}
Stlth    ++++......             P - +3 amulet of reflection
HPRegen  1.00/turn              l - ring of ice
MPRegen  0.17/turn              k - ring of stealth

@: repel missiles
A: fangs 3, regeneration 2, magic shield, antimagic bite, no potion heal 3, rot
immunity
a: Renounce Religion, Evoke Invisibility


You were in an ice cave.
You worshipped Vehumet.
Vehumet was extremely pleased with you.
You were not hungry.

You visited 1 branch of the dungeon, and saw 14 of its levels.
You visited 1 bazaar.
You also visited: Sewer, Gauntlet and Ice Cave.

You collected 1035 gold pieces.
You spent 766 gold pieces at shops.

Inventory:

Hand Weapons
 h - a +5 spear
 m - a +3 short sword of flaming
 n - a +1 long sword of venom
 s - a +5 short sword of speed
 u - a +4 quick blade of protection (weapon)
 v - a +2 dagger of venom
 Q - a +4 scimitar
 R - a +3 dagger
 U - a +1 rapier of protection
 W - a +2 long sword of protection
Missiles
 a - 11 steel javelins (quivered)
 A - 6 tomahawks
 F - 4 javelins of returning
Armour
 g - +0 acid dragon scales
 j - a +3 buckler (worn)
 p - a +0 helmet (worn)
 r - a +0 pair of gloves (worn)
 z - a scarf of repulsion (worn)
 H - a +0 crystal plate armour
 S - a +2 ring mail of cold resistance (worn)
 X - the -4 hat of the Moon {rF+ Str+3 Int+2}
   (You found it in an ice cave)

   It affects your strength (+3).
   It affects your intelligence (+2).
   It protects you from fire.
 Z - the +2 pair of boots "Wuite" (worn) {+Inv MR++ Int-5 Dex+2}
   (You found it in a Gauntlet)

   It affects your intelligence (-5).
   It affects your dexterity (+2).
   It affects your resistance to hostile enchantments.
   It lets you turn invisible.
Jewellery
 e - an uncursed ring of poison resistance
 k - a ring of stealth (right hand)
 l - a ring of ice (left hand)
 D - an uncursed ring of protection from fire
 L - an uncursed ring of protection from magic
 P - a +3 amulet of reflection (around neck)
 V - an uncursed ring of resist corrosion
Wands
 b - a wand of random effects (22)
 I - a wand of acid (6)
 N - a wand of iceblast (16)
Scrolls
 c - 5 scrolls of teleportation
 i - 3 scrolls of identify
 o - 5 scrolls of fog
 q - 3 scrolls of amnesia
 x - a scroll of enchant armour
 y - 6 scrolls of remove curse
 G - a scroll of fear
 K - a scroll of noise
 M - a scroll of torment
 T - 2 scrolls of immolation
Potions
 f - 2 potions of curing
 t - 3 potions of flight
 w - 2 potions of brilliance
 B - a potion of berserk rage
 E - a potion of cancellation
 J - 3 potions of resistance
Miscellaneous
 C - a phantom mirror
 O - a phial of floods
 Y - a box of beasts
Comestibles
 d - 10 rations


   Skills:
 - Level 5.0 Fighting
 * Level 9.3 Short Blades
 * Level 4.3 Armour
 + Level 5.1 Dodging
 + Level 8.4 Stealth
 + Level 7.2 Shields
 + Level 5.6 Spellcasting
 + Level 8.2 Conjurations
 + Level 3.8 Hexes
   Level 1.0 Summonings
 + Level 4.1 Translocations
 * Level 3.2 Fire Magic
 + Level 2.7 Air Magic
 + Level 2.3 Poison Magic
 * Level 1.9 Evocations


You had 4 spell levels left.
You knew the following spells:

 Your Spells              Type           Power        Failure   Level  Hunger
a - Sticky Flame          Conj/Fire      ###.....     10%         4    ####...
b - Blink                 Tloc           N/A          10%         2    #......
c - Mephitic Cloud        Conj/Pois/Air  ###.....     4%          3    ##.....
d - Dazzling Spray        Conj/Hex       ###...       2%          3    ##.....
e - Searing Ray           Conj           ####..       1%          2    #......
f - Conjure Flame         Conj/Fire      ###.....     3%          3    ##.....
i - Corona                Hex            ###....      8%          1    None

Your spell library contained the following spells:

 Spells                   Type           Power        Failure   Level  Hunger
 Spellforged Servitor     Conj/Summ      ###.......   100%        7    #######
 Magic Dart               Conj           ####         1%          1    None
 Shock                    Conj/Air       ###.         1%          1    None
 Static Discharge         Conj/Air       ###.....     3%          3    ##.....
 Inner Flame              Hex/Fire       ###.....     7%          3    ##.....
 Confusing Touch          Hex            ###...       8%          1    None
 Slow                     Hex            ###.....     12%         2    #......
 Gell's Gravitas          Tloc           ###.......   19%         3    ##.....
 Confuse                  Hex            ###.....     22%         3    ##.....
 Portal Projectile        Hex/Tloc       ###...       22%         3    ##.....
 Airstrike                Air            ##........   28%         4    ####...
 Swiftness                Chrm/Air       #.......     30%         2    #......
 Call Imp                 Summ           #.......     34%         2    #......
 Pain                     Necr           #...         36%         1    None
 Cause Fear               Hex            ###.......   58%         4    ####...
 Leda's Liquefaction      Hex/Erth       ##........   86%         4    ####...
 Petrify                  Tmut/Erth      #.......     98%         4    ####...
 Lightning Bolt           Conj/Air       ###.......   26%         5    ######.
 Yara's Violent Unravell  Hex/Tmut       ##........   71%         5    ######.
 Metabolic Englaciation   Hex/Ice        ###.......   99%         5    ######.


Dungeon Overview and Level Annotations

Branches:
Dungeon (14/15)            Temple (0/1) D:6            Lair (0/6) D:10
    Orc (0/2) D:11
 Vaults: D:13-14

Altars:
Cheibriados
Elyvilon
Fedhas
Kikubaaqudgha
Makhleb
Qazlal
Sif Muna
Uskayaw
Vehumet
Wu Jian
Xom
Yredelemnul
The Shining One

Shops:
D:6 *   D:8 (   D:9 }

Annotations:
D:13 1 transporter, docpaisley's ghost, journeyman MiFi


Innate Abilities, Weirdness & Mutations

You have razor-sharp teeth.
You heal very quickly.
When hurt, damage is shared between your health and your magic reserves.
Your bite disrupts and absorbs the magic of your enemies.
Potions cannot restore your health.
You are immune to rotting.


Message History

Your larval weirdsting beast barely misses the reaper.
Your larval weirdsting beast constricts the reaper.
The reaper escapes!
The reaper looks more healthy.
Your larval weirdsting beast barely misses the reaper.
Your larval weirdsting beast grabs the reaper.
Your larval weirdsting beast stings the reaper but does no damage.
Your larval weirdsting beast constricts the reaper.
The reaper hits your larval weirdsting beast with a +2 scythe of freezing!!!
The reaper freezes your larval weirdsting beast.
Your larval weirdsting beast dies!
Your larval weirdsting beast's corpse disappears in a puff of smoke!
Okay, then.
The reaper hits you from afar with a +2 scythe of freezing!!
Ouch! That really hurt!
* * * LOW HITPOINT WARNING * * *
The reaper freezes you.
* * * LOW HITPOINT WARNING * * *
The reaper hits you from afar with a +2 scythe of freezing!!
You die...

###...###.###...# ###
##..####....##...# #####..
#...##.....##..###### ##......
#..###[...........#.###§§§....
##...##...##.........#§§§§..§☼
##...###########.....°.○....§
##..§### ####..≈......§
###§§§###### ###.......§
##§§○§..@#### ###.#...§
###§§§§☼§....○### ####..#
###..§§§§§§2##.§○§### #..#
##....§§####..##○.§§○## ##..
##....§§§#.....2○.#.≈○.# ##.
##......§##......###§§☼.# ##..
#....§.§##......##§§§≈°○#
##...
##......☼...(#......§§°##
#...# ##.....###..#..###..§##
#...#


You could see a reaper.

Vanquished Creatures
  A minotaur (Gauntlet)
  A hell hog (Gauntlet)
  2 two-headed ogres
  A tengu warrior (D:13)
  A soul eater (Gauntlet)
  An ugly thing (D:13)
  A deep elf mage (D:13)
  A manticore (D:11)
  A cyclops (D:12)
  2 ice statues (IceCv)
  A gargoyle (D:12)
  2 kobold demonologists
  A komodo dragon (D:11)
  9 ice devils (IceCv)
  A tengu conjurer (D:11)
  3 trolls
  4 hornets
  3 hippogriffs
  10 yaks
  A wraith (D:12)
  3 fire bats (Gauntlet)
  A wyvern (D:12)
  3 hungry ghosts
  A vampire mosquito (D:11)
  A hell hound (Gauntlet)
  3 soldier ants
  A water moccasin (D:10)
  4 sky beasts
  3 orc warriors
  4 ice beasts
  6 ogres
  A necrophage (D:7)
  2 phantoms
  3 centaurs
  21 big kobolds
  6 bullfrogs
  3 scorpions
  4 killer bees
  13 wights
  3 howler monkeys
  5 bullfrog zombies
  4 crimson imps
  9 orc priests
  6 hounds
  8 jellies
  2 bullfrog skeletons (D:11)
  3 centaur skeletons
  An iguana (D:4)
  15 orc wizards
  16 worker ants
  Ijyb (D:4)
  A hound skeleton (D:11)
  A howler monkey zombie (D:9)
  2 worker ant zombies (D:7)
  5 river rats (Sewer)
  18 adders
  4 shadow imps
  11 white imps (IceCv)
  4 ufetubi (IceCv)
  2 adder skeletons
  An adder zombie (D:7)
  4 worms
  4 dart slugs
  7 leopard geckos
  49 orcs
  9 giant cockroaches
  5 goblins
  5 hobgoblins (D:1)
  20 jackals
  44 kobolds
  4 quokkas
  4 ball pythons
  6 bats
  4 frilled lizards
  2 leopard gecko zombies
  2 quokka skeletons
  2 quokka zombies
  25 rats
448 creatures vanquished.

Vanquished Creatures (others)
  A white imp (IceCv)
  3 ufetubi (IceCv)
  4 withered plants (Gauntlet)
8 creatures vanquished.

Grand Total: 456 creatures vanquished

Notes
Turn   | Place    | Note
-------+----------+-------------------------------------------
     0 | D:1      | Esekla the Vine Stalker Wizard began the quest for the Orb.
     0 | D:1      | Reached XP level 1. HP: 9/9 MP: 5/5
   198 | D:1      | Reached XP level 2. HP: 2/13 MP: 2/7
   370 | D:1      | Learned a level 2 spell: Blink
   928 | D:2      | Found an ancient bone altar of Kikubaaqudgha.
   939 | D:2      | Found a deep blue altar of Sif Muna.
   940 | D:2      | Found a radiant altar of Vehumet.
   942 | D:2      | Identified Kikubaaqudgha's Disquisition on Dark Magic
   953 | D:2      | Became a worshipper of Vehumet
  1130 | D:2      | Reached XP level 3. HP: 17/17 MP: 6/8
  1135 | D:2      | Learned a level 3 spell: Mephitic Cloud
  1782 | D:2      | Found a blossoming altar of Fedhas.
  1809 | D:2      | Reached skill level 1 in Short Blades
  2240 | D:3      | Gained mutation: Your natural rate of healing is unusually
                  | fast. [Vine Stalker growth]
  2240 | D:3      | Reached XP level 4. HP: 14/21 MP: 9/9
  2262 | D:3      | Found a glowing drain.
  2304 | Sewer    | Entered a sewer
  2334 | Sewer    | Reached * piety under Vehumet
  2334 | Sewer    | Offered knowledge of Shock by Vehumet.
  2935 | Sewer    | Reached XP level 5. HP: 17/25 MP: 6/10
  3022 | Sewer    | Reached skill level 1 in Air Magic
  3167 | Sewer    | Reached skill level 1 in Fighting
  3320 | Sewer    | Reached skill level 1 in Poison Magic
  3387 | Sewer    | Noticed a big kobold
  3452 | Sewer    | Killed a big kobold
  3452 | Sewer    | Reached skill level 2 in Short Blades
  3452 | Sewer    | Reached skill level 1 in Shields
  3452 | Sewer    | Reached XP level 6. HP: 20/30 MP: 9/11
  3752 | D:3      | Reached ** piety under Vehumet
  3902 | D:3      | Offered knowledge of Searing Ray by Vehumet.
  3906 | D:3      | Learned a level 2 spell: Searing Ray
  4609 | D:3      | Reached XP level 7. HP: 31/34 MP: 4/12
  4867 | D:4      | Noticed Ijyb
  4940 | D:3      | Offered knowledge of Dazzling Spray by Vehumet.
  4945 | D:3      | Learned a level 3 spell: Dazzling Spray
  5186 | D:4      | Found a hide-covered altar of Uskayaw.
  5480 | D:4      | Killed Ijyb
  5652 | D:5      | Entered Level 5 of the Dungeon
  5751 | D:5      | Reached skill level 3 in Short Blades
  5786 | D:5      | Reached skill level 1 in Hexes
  6189 | D:5      | Reached *** piety under Vehumet
  6276 | D:5      | Gained mutation: You have razor-sharp teeth. [Vine Stalker
                  | growth]
  6276 | D:5      | Reached XP level 8. HP: 30/39 MP: 10/14
  6512 | D:4      | Found a snail-covered altar of Cheibriados.
  6613 | D:5      | Offered knowledge of Throw Icicle by Vehumet.
  7115 | D:6      | Found Jalang's General Store.
  7439 | D:6      | Found a stormy altar of Qazlal.
  7439 | D:6      | Found a glowing golden altar of the Shining One.
  7440 | D:6      | Found a basalt altar of Yredelemnul.
  7522 | D:6      | Found a white marble altar of Elyvilon.
  7584 | D:6      | Reached skill level 4 in Short Blades
  7623 | D:6      | Reached XP level 9. HP: 24/44 MP: 5/16
  7790 | D:6      | Learned a level 1 spell: Corona
  7794 | D:6      | Learned a level 3 spell: Conjure Flame
  7909 | D:6      | Found a staircase to the Ecumenical Temple.
  7983 | D:6      | Found a burning altar of Makhleb.
  7984 | D:6      | Found a shimmering altar of Xom.
  8275 | D:7      | Reached **** piety under Vehumet
  8441 | D:6      | Bought a scroll of teleportation for 45 gold pieces
  8441 | D:6      | Bought a scroll of identify for 30 gold pieces
  8441 | D:6      | Bought a +3 amulet of reflection for 235 gold pieces
  8799 | D:7      | Reached skill level 5 in Shields
  8986 | D:7      | Reached skill level 1 in Fire Magic
  9227 | D:8      | Offered knowledge of Lightning Bolt by Vehumet.
  9438 | D:7      | Reached skill level 5 in Short Blades
  9497 | D:8      | You fall through a shaft for 2 floors!
  9497 | D:10     | Entered Level 10 of the Dungeon
  9525 | D:10     | Noticed a kobold demonologist
  9533 | D:10     | Reached skill level 5 in Conjurations
  9575 | D:11     | Noticed a manticore
  9587 | D:11     | Killed a manticore
  9587 | D:11     | Reached XP level 10. HP: 36/49 MP: 8/17
  9607 | D:11     | Reached skill level 6 in Short Blades
 10220 | D:10     | Reached ***** piety under Vehumet
 10264 | D:10     | Found a staircase to the Lair.
 10309 | D:10     | Offered knowledge of Sticky Flame by Vehumet.
 10317 | D:10     | Reached skill level 5 in Stealth
 10342 | D:11     | Learned a level 4 spell: Sticky Flame
 10455 | D:11     | HP: 1/49 [bullfrog zombie (3)]
 10460 | D:11     | Reached skill level 7 in Short Blades
 10816 | D:11     | Noticed a centaur warrior
 10816 | D:11     | Noticed a two-headed ogre
 10875 | D:11     | Reached XP level 11. HP: 49/53 MP: 13/19
 10898 | D:11     | Found a staircase to the Orcish Mines.
 11274 | D:11     | HP: 2/54 [centaur warrior/arrow (20)]
 11318 | D:11     | Reached skill level 5 in Fighting
 11321 | D:11     | Reached skill level 5 in Spellcasting
 11349 | D:11     | Reached skill level 8 in Short Blades
 11868 | D:8      | Found an ornate altar of the Wu Jian Council.
 12147 | D:8      | Found Luramasa's Antique Weapon Shoppe.
 12250 | D:9      | Found Alotisis's Gadget Shoppe.
 12492 | D:9      | Identified a scroll of acquirement
 12698 | D:6      | Bought a scroll of brand weapon for 300 gold pieces
 13082 | D:10     | Noticed a two-headed ogre
 13096 | D:10     | Killed a two-headed ogre
 13096 | D:10     | Reached skill level 1 in Armour
 13182 | D:10     | Offered knowledge of Bolt of Fire by Vehumet.
 13717 | D:11     | Noticed a catoblepas
 14294 | D:12     | Noticed a two-headed ogre
 14295 | D:12     | Noticed a cyclops
 14355 | D:12     | Killed a cyclops
 14355 | D:12     | Gained mutation: You heal very quickly. [Vine Stalker
                  | growth]
 14355 | D:12     | Reached XP level 12. HP: 47/60 MP: 5/20
 14377 | D:12     | Killed a two-headed ogre
 14436 | D:12     | You fall through a shaft!
 14440 | D:13     | Reached skill level 5 in Dodging
 14492 | D:13     | Found a transporter.
 14493 | D:13     | Noticed docpaisley's ghost (journeyman MiFi)
 14507 | D:13     | Noticed a tengu warrior
 14515 | D:13     | Found a flickering gateway to a bazaar.
 14524 | Bazaar   | Entered a bazaar
 14527 | Bazaar   | Found Fongi's Gadget Shop.
 14572 | Bazaar   | Found Zont's Food Shop.
 14592 | Bazaar   | Found Jutani's Food Shop.
 14592 | Bazaar   | Found Giskun's Weapon Boutique.
 14622 | Bazaar   | Bought a +1 long sword of venom for 156 gold pieces
 14691 | D:13     | Killed a tengu warrior
 14855 | D:13     | You fall through a shaft!
 14868 | D:14     | Noticed a tengu warrior
 14995 | D:14     | Found a gate leading to a gauntlet.
 15014 | Gauntlet | Entered a Gauntlet
 15014 | Gauntlet | Found a transporter.
 15014 | Gauntlet | Found a transporter.
 15019 | Gauntlet | Found a transporter.
 15028 | Gauntlet | Noticed a soul eater
 15033 | Gauntlet | Found a transporter.
 15045 | Gauntlet | Found a transporter.
 15047 | Gauntlet | Found a large runed translucent door.
 15048 | Gauntlet | Found a large runed translucent door.
 15049 | Gauntlet | Found a large runed translucent door.
 15049 | Gauntlet | Found a large runed translucent door.
 15049 | Gauntlet | Found a runed translucent door.
 15050 | Gauntlet | Found a large runed translucent door.
 15061 | Gauntlet | Found a transporter.
 15074 | Gauntlet | Found a transporter.
 15091 | Gauntlet | Found a transporter.
 15092 | Gauntlet | Noticed a hell hog
 15165 | Gauntlet | Found a transporter.
 15165 | Gauntlet | Found a transporter.
 15167 | Gauntlet | Found a large runed translucent door.
 15168 | Gauntlet | Found a large runed translucent door.
 15169 | Gauntlet | Found a large runed translucent door.
 15169 | Gauntlet | Found a large runed translucent door.
 15169 | Gauntlet | Found a runed translucent door.
 15170 | Gauntlet | Found a large runed translucent door.
 15171 | Gauntlet | Found a large runed translucent door.
 15172 | Gauntlet | Found a large runed translucent door.
 15172 | Gauntlet | Found a large runed translucent door.
 15173 | Gauntlet | Found a runed translucent gate.
 15173 | Gauntlet | Found a runed translucent gate.
 15175 | Gauntlet | Found a transporter.
 15175 | Gauntlet | Found a transporter.
 15176 | Gauntlet | Found the +7 Kryia's mail coat {PotionHeal*2 rC+}
 15176 | Gauntlet | Found the ring of Shadows {Umbra +Inv Stlth+}
 15185 | Gauntlet | Found a transporter.
 15235 | Gauntlet | Found a runed translucent gate.
 15237 | Gauntlet | Found a large runed translucent door.
 15284 | Gauntlet | Killed a soul eater
 15284 | Gauntlet | Reached skill level 9 in Short Blades
 15308 | Gauntlet | Found a large runed translucent door.
 15308 | Gauntlet | Found a large runed translucent door.
 15405 | Gauntlet | Killed a hell hog
 15422 | Gauntlet | Noticed a two-headed ogre
 15422 | Gauntlet | a floating eye changed into a two-headed ogre
 15427 | Gauntlet | Noticed a two-headed ogre
 15435 | Gauntlet | Got a pair of pitted boots
 15446 | Gauntlet | Identified the +2 pair of boots "Wuite" {+Inv MR++ Int-5
                  | Dex+2} (You found it in a Gauntlet)
 15491 | Gauntlet | Noticed a minotaur
 15507 | Gauntlet | Killed a minotaur
 15576 | D:14     | Found a frozen archway.
 15588 | IceCv    | Entered an ice cave
 15756 | IceCv    | Reached skill level 1 in Evocations
 15858 | IceCv    | Got a jewelled hat
 15871 | IceCv    | Identified the -4 hat of the Moon {rF+ Str+3 Int+2} (You
                  | found it in an ice cave)
 15969 | IceCv    | Noticed a reaper
 16006 | IceCv    | Offered knowledge of Spellforged Servitor by Vehumet.
 16418 | IceCv    | Mangled by a reaper

Levels and vault maps discovered:
D:1:      beargit_arrival_greenhouse, layout_loops_cross
D:2:      layout_basic, grunt_temple_overflow_magic_moments, old_standard_altar,
          first_ration, minmay_misc_feat_nine_boxes
D:3:      layout_basic, portal_sewer_entry_b
D:4:      lemuel_upstairs_altar, layout_cave_pools, lemuel_crystal_altar,
          chequers_avenue, uniq_ijyb
D:5:      layout_layer_cave
D:6:      layout_cave_pods, grunt_temple_overflow_champion_of_chaos,
          elyvilon_altar_3, gammafunk_temple_overflow_claw,
          minmay_temple_entry_hall, serial_shops, nicolae_shop_behind_doors
D:7:      layout_gridville
D:8:      layout_basic, overflow_temple_1_default, serial_shops,
          kennysheep_mini_moat
D:9:      layout_roguey, serial_shops, shop_fountains
D:10:     layout_gridville, lair_entry_dummy, special_room
          [special_room_kobold], hangedman_pestilent_swarm, minmay_holes
D:11:     minmay_the_grid_octo_tiled_squarecenter_mashed
          [minmay_the_grid_octo_fan_narrow, minmay_the_grid_octo_chip,
          minmay_the_grid_octo_fat_diamond, minmay_the_grid_octo_empty,
          minmay_the_grid_square_5x5_megaprize_open,
          minmay_the_grid_square_5x5_gyroscope,
          minmay_the_grid_square_5x5_inner_i, minmay_the_grid_square_5x5_inset,
          minmay_the_grid_square_5x5_two_walls_a], layout_basic
D:12:     layout_irregular_city, minmay_misc_feat_alley, st_stairs_9
D:13:     layout_small_grid, grunt_vaults_entry_fortified, serial_shops,
          bzr_firewalk, gammafunk_ghost_stat_death, serial_rivers,
          chequers_serial_rivers_small_b, chequers_serial_rivers_small_b,
          chequers_serial_rivers_small_b, chequers_serial_rivers_small_3,
          chequers_serial_rivers_room_a
D:14:     layout_stronghold, ebering_ghost_rock_garden,
          portal_ice_cave_entry_pillars_2, serial_shops, shop,
          minmay_misc_feat_more_columns, gauntlet_entry_generic
IceCv:    ice_cave_small_demon

Skill      XL: |  1  2  3  4  5  6  7  8  9 10 11 12 |
---------------+-------------------------------------+-----
Conjurations   | 2 3 4 5 6 7 8 |  8.2
Short Blades   | 1 2 3 4 5 7 8 9 |  9.3
Dodging        | 2 3 4 5 |  5.1
Stealth        | 3 4 5 6 8 |  8.4
Air Magic      | 1 2 |  2.7
Fighting       | 1 2 3 4 5 |  5.0
Poison Magic   | 1 2 |  2.3
Shields        | 1 2 4 5 6 7 |  7.2
Hexes          | 1 2 3 |  3.8
Spellcasting   | 4 5 |  5.6
Fire Magic     | 2 3 |  3.2
Translocations | 3 4 |  4.1
Armour         | 2 4 |  4.3
Evocations     | 1 |  1.9
Summonings     | |  1.0

Action                   |  1- 3 |  4- 6 |  7- 9 | 10-12 || total
-------------------------+-------+-------+-------+-------++-------
Melee: Unarmed           |    13 |       |       |       ||    13
       Bite              |    23 |    69 |   126 |   267 ||   485
       Dagger            |    94 |   305 |   483 |    38 ||   920
       Short sword       |       |       |    79 |   295 ||   374
       Quick blade       |       |       |       |   648 ||   648
Throw: Tomahawk          |       |     3 |     5 |    13 ||    21
       Javelin           |       |       |     2 |     2 ||     4
 Cast: Magic Dart        |    45 |   102 |    69 |     1 ||   217
       Blink             |     1 |       |     2 |     3 ||     6
       Mephitic Cloud    |       |     1 |     9 |    17 ||    27
       Searing Ray       |       |     6 |    24 |    35 ||    65
       Dazzling Spray    |       |       |    15 |    36 ||    51
       Conjure Flame     |       |       |     2 |       ||     2
       Sticky Flame      |       |       |       |    23 ||    23
       Corona            |       |       |       |     4 ||     4
Evoke: Wand              |       |       |       |     2 ||     2
       Box of beasts     |       |       |       |     1 ||     1
  Use: Scroll            |     4 |     1 |     7 |    21 ||    33
       Potion            |       |     1 |     2 |    11 ||    14
 Stab: Sleeping          |     5 |    12 |    17 |    25 ||    59
       Confused          |       |     1 |    10 |    16 ||    27
       Invisible         |       |       |    10 |    16 ||    26
       Distracted        |       |       |     1 |     1 ||     2
  Eat: Ration            |     1 |     3 |     5 |    10 ||    19
       Chunk             |       |       |     1 |       ||     1
Armor: Robe              |    13 |    62 |    68 |    31 ||   174
       Skin              |       |       |       |    41 ||    41
       Ring mail         |       |       |       |    77 ||    77
Dodge: Dodged            |    63 |   157 |   241 |   191 ||   652
       Deflected         |       |       |       |     7 ||     7
Block: Buckler           |    20 |    61 |   156 |   307 ||   544
       Reflection        |       |       |       |     9 ||     9

Table legend:
 A = Non-vault XP
 B = Vault XP
 C = Vault XP percentage of total XP
 D = Non-vault monster count
 E = Vault monster count
 F = Vault count percentage of total count
                 A         B        C        D         E       F
            +---------+---------+-------+---------+---------+-------
      Total |   17141 |   13803 |  44.6 |     308 |     140 |  31.2
            +---------+---------+-------+---------+---------+-------
        D:1 |      30 |       0 |   0.0 |      15 |       0 |   0.0
        D:2 |      73 |       0 |   0.0 |      15 |       0 |   0.0
        D:3 |     290 |       6 |   2.0 |      39 |       3 |   7.1
        D:4 |     234 |      36 |  13.3 |      14 |       1 |   6.7
        D:5 |     782 |       0 |   0.0 |      27 |       0 |   0.0
        D:6 |     989 |      48 |   4.6 |      22 |       1 |   4.3
        D:7 |     886 |       0 |   0.0 |      25 |       0 |   0.0
        D:8 |     269 |       0 |   0.0 |      14 |       0 |   0.0
        D:9 |     513 |       0 |   0.0 |      19 |       0 |   0.0
       D:10 |    3454 |    2464 |  41.6 |      54 |      29 |  34.9
       D:11 |    4013 |    2170 |  35.1 |      29 |      17 |  37.0
       D:12 |    3348 |     539 |  13.9 |      25 |       3 |  10.7
       D:13 |    2102 |       0 |   0.0 |       8 |       0 |   0.0
       D:14 |     158 |       0 |   0.0 |       2 |       0 |   0.0
      Sewer |       0 |     254 | 100.0 |       0 |      48 | 100.0
      IceCv |       0 |    3996 | 100.0 |       0 |      26 | 100.0
   Gauntlet |       0 |    4290 | 100.0 |       0 |      12 | 100.0
            +---------+---------+-------+---------+---------+-------
